 Dungeon Sprint DCSS version 0.31-a0-841-g038b102fc3 (webtiles) character file.

Game seed: 15626625245353302636

228 sircluck the Ruffian (level 5, -14/88 HPs)
             Began as a Troll Berserker on Sept 27, 2023.
             Was a Follower of Trog.
             Demolished by an emperor scorpion (27 damage)
             ... in the Dungeon (Sprint VII: "The Pits").
             The game lasted 00:00:28 (196 turns).

sircluck the Ruffian (Troll Berserker)               Turns: 196, Time: 00:00:29

Health: -14/88     AC:  4    Str: 27    XL:     5   Next: 71%
Magic:  4/4        EV: 11    Int:  3    God:    Trog [*.....]
Gold:   0          SH:  0    Dex:  9    Spells: 4/4 levels left

rFire   . .          .
                       - Unarmed
rCold   . . .        (no shield)
rNeg    . . .        a - +0 animal skin
rPois   .            (helmet restricted)
rElec   .            (no cloak)
rCorr   .            (gloves unavailable)
SInv    .            (boots unavailable)
Will    .....        (no amulet) Stlth
                     (no ring)
HPRegen 1.14/turn    (no ring)
MPRegen 0.09/turn

%: no teleportation
@: berserking (expiring), very quick
A: large, unfitting armour, claws 3, regeneration 1, shaggy fur 1, tough skin 1
a: Renounce Religion, Berserk


You were in the Dungeon.
You worshipped Trog.
Trog was aware of your devotion.
You visited 1 branch

Inventory:

Armour
 a - a +0 animal skin (worn)
Scrolls
 g - a scroll of blinking
Potions
 b - a potion of curing
 c - a potion of heal wounds
 d - a potion of haste
 e - 2 potions of magic
 f - a potion of berserk rage


   Skills:
 + Level 6.3 Fighting
 + Level 6.2 Dodging
 + Level 7.4 Unarmed Combat


You had 4 spell levels left.
You didn't know any spells.
Your spell library was empty.

Dungeon Overview and Level Annotations

Branches:
Dungeon (1/1)

Altars:


Innate Abilities, Weirdness & Mutations

You are too large for most types of armour.
You have claws for hands.
Your natural rate of healing is unusually fast.
You are covered in fur. (AC +1)
You have tough skin. (AC +1)


Message History

You start waiting.
An ogre and an emperor scorpion come into view.
A red film seems to cover your vision as you go berserk!
You feel yourself moving faster!
You feel mighty!
The rakshasa blinks!
You feel a strong urge to attack something.
You barely miss the ogre.
The ogre hits you with a +0 giant spiked club!!
You barely miss the ogre. You mangle the ogre!!
The ogre is almost dead.
The rakshasa closely misses you.
You claw the ogre!
You kill the ogre!
Trog accepts your kill.
Your Fighting skill increases to level 6!
Your Dodging skill increases to level 6!
Your Unarmed Combat skill increases to level 7!
You claw the emperor scorpion!
The emperor scorpion is lightly wounded.
The emperor scorpion stings you.
The emperor scorpion claws you but does no damage.
The emperor scorpion barely misses you. The rakshasa barely misses you.
You closely miss the emperor scorpion. You claw the emperor scorpion!
The emperor scorpion is lightly wounded.
The emperor scorpion stings you but does no damage.
The emperor scorpion claws you. x2
The rakshasa hits you from afar with a +0 trident!!
You are too injured to fight recklessly!
You are too injured to fight recklessly!
You barely miss the emperor scorpion.
The emperor scorpion is lightly wounded.
The emperor scorpion stings you! The emperor scorpion claws you. x2
You claw the emperor scorpion!
The emperor scorpion is moderately wounded.
The rakshasa hits you from afar with a +0 trident!
* * * LOW HITPOINT WARNING * * *
You scratch the emperor scorpion but do no damage.
The emperor scorpion is moderately wounded.
The emperor scorpion stings you!!
You die...

+..#....#..#
+..........#
#..........#
########..#....#..#
......''..........#
......''..........#
####..##..#....#..#
#..##..........+
#..##........@.+
#..####''####)s#
#..####''####'R#
#..##......##...
#### #.#+##.##....
.... #.# +.##..###
.... #.+ #.##..#
#### #.# +.##..#
### ####.+ #.#


You could see an emperor scorpion and a rakshasa.

Vanquished Creatures
  A small abomination (D)
  An ogre (D)
2 creatures vanquished.

Notes
Turn   | Place    | Note
-------+----------+-------------------------------------------
     0 | D        | sircluck the Troll Berserker began the quest for the Orb.
     0 | D        | Reached XP level 1. HP: 22/22 MP: 0/0
    22 | D        | Noticed a small abomination
    40 | D        | Killed a small abomination
    41 | D        | Reached skill level 5 in Fighting
    41 | D        | Reached skill level 5 in Dodging
    41 | D        | Reached skill level 6 in Unarmed Combat
    41 | D        | Reached XP level 2. HP: 35/35 MP: 1/1
    41 | D        | Reached XP level 3. HP: 42/42 MP: 2/2
    41 | D        | Reached XP level 4. HP: 50/50 MP: 3/3
    41 | D        | Reached XP level 5. HP: 57/57 MP: 4/4
   181 | D        | Noticed an ogre
   181 | D        | Noticed a rakshasa
   185 | D        | Noticed an emperor scorpion
   191 | D        | Killed an ogre
   192 | D        | Reached skill level 7 in Unarmed Combat
   196 | D        | Demolished by an emperor scorpion

Illustrated notes

Levels and vault maps discovered:
D:        pitsprint [storerooms_1, entrance_room_1, metal_vault_5, armoury_2,
          mini_pit_1, grid_room_1, main_hall_1, silver_pit, the_coven_1,
          the_vestibule_1, steel_vault_2, golden_pit, hallway_of_sentries,
          crystal_vault_4, iron_vault_3, final_vault]

Skill      XL: |  1  2  3  4  5 |
---------------+----------------+-----
Fighting       | 5 6 |  6.3
Dodging        | 5 6 |  6.2
Unarmed Combat | 6 7 |  7.4

Action                     |  1- 3 |  4- 6 || total
---------------------------+-------+-------++-------
  Melee: Unarmed           |     2 |     9 ||    11
         Punch             |       |     1 ||     1
 Invoke: Berserk           |     1 |     1 ||     2
 Armour: Animal skin       |     2 |    12 ||    14
  Dodge: Dodged            |       |     3 ||     3

Table legend: (Time is in decaauts)
 A = Elapsed time spent in this place.
 B = Non-inter-level travel time spent in this place.
 C = Inter-level travel time spent in this place.
 D = Time resting spent in this place.
 E = Time spent auto-exploring this place.
 F = Levels seen in this place.
 G = Mean time per level.
                   A        B        C        D        E       F      G
               +--------+--------+--------+--------+--------+-----+--------+
         Total |    198 |    198 |      0 |     39 |      0 |   1 |  198.0 |
       Dungeon |    198 |    198 |      0 |     39 |      0 |   1 |  198.0 |
               +--------+--------+--------+--------+--------+-----+--------+

Top non-repeatable levels by time:
       D: 198 daAuts
